 Dungeon Crawl Stone Soup version 0.28.0-53-g5a82cb258f (webtiles) character file.

Game seed: 14606642701957258668

595 firemarshallily the Skirmisher (level 7, -1/84 HPs)
             Began as a Demonspawn Gladiator on June 11, 2022.
             Was a Priest of Qazlal.
             Slain by an orc warrior
             ... wielding a +4 dire flail
              (2 damage)
             ... on level 6 of the Dungeon.
             The game lasted 00:10:51 (4478 turns).

firemarshallily the Skirmisher (DsGl)               Turns: 4478, Time: 00:10:52

Health: -1/84      AC: 23    Str: 18    XL:     7   Next: 16%
Magic:  7/7        EV:  2    Int:  9    God:    Qazlal [***...]
Gold:   253        SH:  4    Dex: 15    Spells: 6/6 levels left

rFire   + . .      SeeInvis .   h - +3 short sword
rCold   + . .      Faith    .   (no shield)
rNeg    + . .      Spirit   .   (armour currently unavailable)
rPois   +          Reflect  .   (helmet currently unavailable)
rElec   +          Harm     .   (cloak currently unavailable)
rCorr   +          Rampage  .   (gloves currently unavailable)
Will    .....      NoTele   +   (boots currently unavailable)
Stlth   +.........              (no amulet)
HPRegen 0.24/turn               f - ring of positive energy
MPRegen 0.10/turn               (no ring)

@: brilliant, tree-form, resistant, attractive
A: stationary, stasis, torment immunity, boosted hp, (hooves 1), (molten scales
1), (spiny 1), strong 1
a: Renounce Religion, Upheaval, Elemental Force


You were on level 6 of the Dungeon.
You worshipped Qazlal.
Qazlal was most pleased with you.
You were a tree.
You visited 1 branch of the dungeon, and saw 5 of its levels.

You collected 253 gold pieces.

Inventory:

Hand Weapons
 a - a +0 long sword
 h - a +3 short sword (weapon)
Missiles
 d - 3 throwing nets
 g - 330 stones (quivered)
Armour
 b - a +0 leather armour (melded)
 c - a +0 helmet (melded)
 o - a +0 pair of gloves (melded)
Jewellery
 f - a ring of positive energy (left branch)
Wands
 p - a wand of flame (28)
Scrolls
 l - a scroll of blinking
 q - 3 scrolls of teleportation
 r - a scroll of fear {unknown}
Potions
 e - a potion of lignification
 j - a potion of mutation
 k - a potion of resistance
 n - a potion of attraction


   Skills:
 * Level 5.1 Fighting
 * Level 5.1 Long Blades
 - Level 2.0 Throwing
 + Level 2.7 Armour
 - Level 3.0 Dodging


You had 6 spell levels left.
You didn't know any spells.
Your spell library contained the following spells:

 Spells                   Type           Power      Damage    Failure   Level
 Animate Skeleton         Necr           0%         N/A       38%         1
 Apportation              Tloc           0%         N/A       38%         1
 Summon Small Mammal      Summ           0%         N/A       38%         1


Dungeon Overview and Level Annotations

Branches:
Dungeon (4/15)             Temple (0/1) D:4

Altars:
Qazlal


Innate Abilities, Weirdness & Mutations

You are a tree.
Your roots penetrate the ground, keeping you stationary.
You cannot be teleported.
You are immune to unholy pain and torment.
Your maximum health is greatly increased.
Your equipment is partially melded.
((You have large cloven feet.))
((You are partially covered in molten scales. (AC +2)))
((You are partially covered in sharp spines.))
Your muscles are strong. (Str +2)


Message History

You turn into a tree.
Your +0 helmet melds into your body.
Your +0 pair of gloves melds into your body.
Your +0 leather armour melds into your body.
Your roots penetrate the ground.
The orc priest hits you with a +0 war axe.
* * * LOW HITPOINT WARNING * * *
It was a potion of mutation.
You feel extremely strange.
You feel weaker. The orc hits you but does no damage.
The orc priest calls upon Beogh to heal the orc.
The orc is healed somewhat.
The orc hits you but does no damage.
It was a potion of brilliance.
You feel clever all of a sudden.
The orc priest hits you but does no damage.
The orc hits you but does no damage.
It was a potion of flight.
Your roots keep you in place.
The orc hits you but does no damage.
The orc warrior hits you but does no damage.
The orc priest hits you with a +0 war axe!
* * * LOW HITPOINT WARNING * * *
The orc hits you but does no damage.
It was a potion of attraction.
You feel attractive to monsters. The orc completely misses you.
The orc warrior hits you but does no damage.
The orc priest hits you but does no damage.
The orc hits you but does no damage.
It was a potion of resistance.
You feel protected. The orc hits you but does no damage.
The orc warrior hits you but does no damage.
The orc priest hits you but does no damage.
The orc hits you with a +0 short sword.
* * * LOW HITPOINT WARNING * * *
Really quaff the potion of mutation?
You feel extremely strange.
You feel stronger. x2
The orc hits you but does no damage.
The orc warrior hits you with a +4 dire flail.
You die...

### ######
#... #....#
#....#....#
#....#....#
#....'.○.o#
#....#.o♣##
# #..
#.oo##...#
#
#........#
#........#
#...##...#
##### ...#
###


You could see an orc warrior, an orc priest and 2 orcs.

Vanquished Creatures
  A black bear (D:4)
  A phantom (D:4)
  An orc priest (D:4)
  A jelly (D:4)
  A centaur skeleton (D:4)
  Terence (D:3)
  2 orc wizards (D:4)
  9 gnolls (D:3)
  2 adders
  A worm (D:3)
  8 orcs
  3 bats
  12 endoplasms
  2 giant cockroaches (D:1)
  32 goblins
  25 hobgoblins
  6 jackals
  5 quokkas
  6 ball pythons
  5 frilled lizards
  6 kobolds
  9 rats
139 creatures vanquished.

Notes
Turn   | Place    | Note
-------+----------+-------------------------------------------
     0 | D:1      | firemarshallily the Demonspawn Gladiator began the quest
                  | for the Orb.
     0 | D:1      | Reached XP level 1. HP: 16/16 MP: 1/1
   355 | D:1      | Gained mutation: You are partially covered in molten
                  | scales. (AC +2) [demonic ancestry]
   355 | D:1      | Reached XP level 2. HP: 22/22 MP: 2/2
  1064 | D:1      | Reached XP level 3. HP: 28/28 MP: 3/3
  1297 | D:2      | Found a faded altar of an unknown god.
  1303 | D:2      | Prayed at the altar of an unknown god.
  1303 | D:2      | Became a worshipper of Qazlal Stormbringer
  1303 | D:2      | Reached * piety under Qazlal
  1713 | D:2      | Reached XP level 4. HP: 34/35 MP: 4/4
  1836 | D:3      | Reached skill level 1 in Armour
  2182 | D:3      | Reached ** piety under Qazlal
  2582 | D:3      | Gained mutation: You are partially covered in sharp spines.
                  | [demonic ancestry]
  2582 | D:3      | Reached XP level 5. HP: 34/41 MP: 5/5
  2870 | D:3      | Noticed Terence
  2887 | D:3      | Killed Terence
  3473 | D:3      | Reached *** piety under Qazlal
  3513 | D:3      | Gained mutation: You have large cloven feet. [demonic
                  | ancestry]
  3513 | D:3      | Reached XP level 6. HP: 46/48 MP: 6/6
  4066 | D:4      | Reached XP level 7. HP: 21/55 MP: 7/7
  4071 | D:4      | Reached skill level 5 in Fighting
  4071 | D:4      | Reached skill level 5 in Long Blades
  4320 | D:4      | Found a staircase to the Ecumenical Temple.
  4459 | D:4      | You fall into a shaft and drop 2 floors!
  4473 | D:6      | Gained mutation: You are weak. (Str -2) [potion of
                  | mutation]
  4475 | D:6      | HP: 4/84 [orc priest/+0 war axe (7)]
  4477 | D:6      | HP: 1/84 [orc/+0 short sword (3)]
  4478 | D:6      | Lost mutation: You are weak. (Str -2) [potion of mutation]
  4478 | D:6      | Gained mutation: Your muscles are strong. (Str +2) [potion
                  | of mutation]
  4478 | D:6      | Slain by an orc warrior

Illustrated notes

Levels and vault maps discovered:
D:1:      minmay_arrival_stone_box, layout_loops_corners, nrook_mini_backslash,
          corexii_hall_statues_deadend
D:2:      layout_basic, ebering_ecumenical_altar_box, feat_on_display
D:3:      minmay_goblin_kobold_castle, layout_basic, chequers_decorated_corner,
          uniq_terence
D:4:      layout_basic, minmay_temple_entry_offerings, hangedman_glass_teeth,
          lightli_corner_chamber
D:6:      layout_gridville, grunt_ministairs_13

Skill      XL: |  1  2  3  4  5  6  7 |
---------------+----------------------+-----
Throwing       | 2 |  2.0
Dodging        | 3 |  3.0
Long Blades    | 3 4 5 |  5.1
Fighting       | 3 4 5 |  5.1
Armour         | 1 2 |  2.7

Action                   |  1- 3 |  4- 6 |  7- 9 || total
-------------------------+-------+-------+-------++-------
Melee: Long sword        |    22 |       |       ||    22
       Punch             |     2 |     4 |       ||     6
       Short sword       |    99 |   220 |    15 ||   334
       Kick              |       |    15 |     4 ||    19
Throw: Stone             |       |     7 |     5 ||    12
  Use: Scroll            |     2 |     2 |       ||     4
       Potion            |       |       |     7 ||     7
 Stab: Sleeping          |     1 |       |       ||     1
Armor: Leather armour    |    32 |    73 |     5 ||   110
       Skin              |       |       |    14 ||    14
Dodge: Dodged            |    60 |   116 |     6 ||   182
Block: Other             |     4 |    28 |     6 ||    38
